cohdb
Replays
Latest Replays
All Replays
Popular Replays
Top Player Replays
Match Explorer
How It Works
Community
CoH3 Stats
Reddit
Sign in to upload your games and track your stats! →
Sign in with Steam
Match 23775819
Unlisted
Match 23775819
Overview
Messages
Build Orders
End
Selects Italian Combined Arms Battlegroup
Selects Bersaglieri Squad
Bersaglieri Squad
Bersaglieri Squad
Construct Light Support Kompanie
Bersaglieri Squad
2.5-tonne Medical Truck
MG34 Team
Panzerjäger Mechanized Group
Construct Mechanized Kompanie
8 Rad Armored Car
Veteran Squad Leaders
Vehicle Survival Package
Selects Bersaglieri Bolster
Selects Breda Model 30 Light Machine Guns
Panzerjäger Mechanized Group
Selects Semovente da 75/18 Assault Gun
Selects Strafing Run
Marder III Tank Destroyer
2.5-tonne Medical Truck
Bersaglieri Squad
8 Rad Armored Car
Strafing Run
Bersaglieri Squad
Assault Mechanized Group
Strafing Run
Strafing Run
Bersaglieri Squad
Selects Pact of Steel
Strafing Run
Panzerpioneer Squad
Marder III Tank Destroyer
Marder III Tank Destroyer
UH|XTC
UH|dun! ツ
iceman
Huelebragas
Andreas Petersen
Andreas
0
0
Comments
sign in to comment!
No comments posted yet!